 Dungeon Crawl Stone Soup version 0.23-a0-607-g760965b (webtiles) character file.

647 MalarOregon the Spear-Bearer (level 7, -3/55 HPs)
             Began as a Merfolk Gladiator on Dec 20, 2018.
             Slain by an ogre
             ... wielding a +0 giant club
              (23 damage)
             ... on level 5 of the Dungeon.
             The game lasted 00:08:35 (5234 turns).

MalarOregon the Spear-Bearer (Merfolk Gladiator)    Turns: 5234, Time: 00:08:36

Health: -3/55      AC:  5    Str: 14    XL:     7   Next: 52%
Magic:  7/7        EV: 15    Int: 10    God:
Gold:   10         SH:  0    Dex: 15    Spells: 6/6 levels left

rFire    . . .     SeeInvis .   w - +0 blowgun
rCold    . . .     Gourm    +   (no shield)
rNeg     . . .     Faith    .   b - +0 leather armour
rPois    .         Spirit   .   c - +1 helmet
rElec    .         Reflect  .   (no cloak)
rCorr    +         Harm     .   (no gloves)
MR       .....                  (no boots)
Stlth    +.........             m - amulet of the gourmand
HPRegen  0.18/turn              j - ring of resist corrosion
MPRegen  0.10/turn              (no ring)

@: no status effects
A: change form in water, swift swim, stealthy swim
a: no special abilities


You were on level 5 of the Dungeon.
You were very full.

You visited 1 branch of the dungeon, and saw 5 of its levels.

You collected 186 gold pieces.
You spent 176 gold pieces at shops.

Inventory:

Hand Weapons
 a - a +0 trident
 w - a +0 blowgun (weapon)
   (You took it off a kobold on level 3 of the Dungeon)
Missiles
 d - 4 throwing nets {!f}
 f - 57 poisoned needles (quivered)
 p - 2 tomahawks
Armour
 b - a +0 leather armour (worn)
 c - a +1 helmet (worn)
Jewellery
 j - a ring of resist corrosion (left hand)
   (You found it on level 2 of the Dungeon)
 m - an amulet of the gourmand (around neck)
   (You found it on level 2 of the Dungeon)
Wands
 x - a wand of acid (2)
   (You found it on level 4 of the Dungeon)
Potions
 g - a potion of berserk rage {unknown}
 h - 3 potions of flight
 i - 2 potions of might
 k - a potion of mutation {unknown}
 l - a potion of ambrosia {unknown}
 n - 2 potions of lignification {!q}
 o - 2 potions of haste {unknown}
 q - a potion of curing {@q1}
 r - 2 potions of heal wounds {@q2}
 u - a potion of resistance {unknown}
Comestibles
 e - 8 rations {!d}


   Skills:
 + Level 4.3 Fighting
 * Level 8.4 Polearms
 + Level 4.0 Throwing
 + Level 6.1 Dodging


You had 6 spell levels left.
You didn't know any spells.
Your spell library contained the following spells:

 Spells                   Type           Power        Failure   Level  Hunger
 Shock                    Conj/Air       #...         43%         1    ##.....


Dungeon Overview and Level Annotations

Branches:
Dungeon (5/15)
 Temple: D:4-7

Altars:
Okawaru
Sif Muna
Xom

Shops:
D:4 !


Message History

Done exploring.
There is a stone staircase leading down here.
You climb downwards.
A jelly comes into view.
There is a stone staircase leading up here.
No reachable target in view!
A jelly is nearby!
No reachable target in view!
The jelly quivers.
Found 19 arrows.
An ogre comes into view. It is wielding a +0 giant club.
The ogre shouts!
Attack whom?
Aim: a jelly You reach to attack!
You hit the jelly. You hit the jelly.
Your hands burn!
The jelly hits you but does no damage.
You hit the jelly.
Your hands burn!
You hit the jelly but do no damage.
Your hands burn!
The jelly hits you.
You are splashed with acid!
The acid burns!
You resist. The ogre barely misses you.
You hit the jelly.
Your hands burn!
The jelly misses you. The ogre hits you with a +0 giant club!
You puncture the jelly!
Your hands burn!
The jelly misses you.
You hit the jelly.
You kill the jelly!
Your Throwing skill increases to level 4!
The ogre closely misses you.
You hit the ogre but do no damage. The ogre hits you with a +0 giant club!
* * * LOW HITPOINT WARNING * * *
You hit the ogre. You barely miss the ogre. The ogre completely misses you.
You hit the ogre. The ogre barely misses you.
You barely miss the ogre. You hit the ogre.
The ogre hits you with a +0 giant club!
* * * LOW HITPOINT WARNING * * *
A centaur zombie comes into view.
Found 10 gold pieces.
There is a stone staircase leading up here.
There is a stone staircase leading up here.
The ogre misses you.
There is a stone staircase leading up here.
There is a stone staircase leading up here.
There is a stone staircase leading up here.
There is a stone staircase leading up here.
There is a stone staircase leading up here.
There is a stone staircase leading up here.
Wield which item (- for none, * to show all)? (? for menu, Esc to quit)
w - a +0 blowgun (weapon)
The ogre hits you with a +0 giant club!!
You die...

#... ..... ...##
#.... .. #...
... #... ..# #
#..####.# .# #
+..@O.#.###.#.##
#.<##......#8#..
#........#..#..#
#.##.....#8#...#
#.. #...#..#..#
#.. #..#8#...#8
#..# #...#..#..#
+..#
#.....#8#...#
..#
##..#..#..#.$#


You could see an ogre.

Vanquished Creatures
  A phantom (D:4)
  4 hounds (D:4)
  A bullfrog skeleton (D:4)
  2 jellies
  An iguana (D:3)
  3 orc wizards (D:4)
  3 worker ants
  5 adders
  A gnoll (D:2)
  An ooze (D:1)
  An adder skeleton (D:4)
  A worm (D:2)
  A dart slug (D:1)
  4 leopard geckos
  14 orcs
  7 giant cockroaches
  7 goblins
  8 hobgoblins
  8 jackals
  9 kobolds
  3 quokkas
  2 ball pythons
  4 bats (D:2)
  5 frilled lizards
  9 rats
105 creatures vanquished.

Vanquished Creatures (others)
  An adder (D:4)
1 creature vanquished.

Grand Total: 106 creatures vanquished

Notes
Turn   | Place    | Note
-------+----------+-------------------------------------------
     0 | D:1      | MalarOregon the Merfolk Gladiator began the quest for the
                  | Orb.
     0 | D:1      | Reached XP level 1. HP: 16/16 MP: 1/1
    34 | D:1      | Reached XP level 2. HP: 21/23 MP: 2/2
   187 | D:1      | Reached skill level 5 in Polearms
   380 | D:1      | Reached XP level 3. HP: 28/28 MP: 3/3
  1386 | D:2      | Reached XP level 4. HP: 33/34 MP: 4/4
  1868 | D:3      | Reached skill level 6 in Polearms
  1918 | D:3      | Reached XP level 5. HP: 37/41 MP: 5/5
  2119 | D:3      | Reached skill level 5 in Dodging
  3237 | D:4      | Reached XP level 6. HP: 12/47 MP: 6/6
  3475 | D:4      | Reached skill level 7 in Polearms
  3549 | D:4      | Noticed a phantom
  3561 | D:4      | Killed a phantom
  3698 | D:4      | Reached XP level 7. HP: 27/54 MP: 7/7
  3941 | D:4      | Found Ocomiq's Distillery.
  4344 | D:4      | Found a shimmering altar of Xom.
  4420 | D:4      | Reached skill level 8 in Polearms
  4461 | D:4      | Found an iron altar of Okawaru.
  4759 | D:4      | Found a deep blue altar of Sif Muna.
  4898 | D:4      | Bought a potion of flight for 33 gold pieces
  4898 | D:4      | Bought a potion of flight for 33 gold pieces
  4898 | D:4      | Bought a potion of flight for 33 gold pieces
  4898 | D:4      | Bought a potion of lignification for 33 gold pieces
  4898 | D:4      | Bought a potion of might for 44 gold pieces
  4998 | D:4      | Identified Sif Muna's Almanac of the Birds
  5158 | D:5      | Entered Level 5 of the Dungeon
  5234 | D:5      | Slain by an ogre

Vault maps used:
D:1:      saegor_arrival_miasma, minmay_unequal
D:2:      minmay_general_purpose_star, cheibrodos_gnoll_hut
D:3:      minmay_misc_feat_rugged, minmay_stone_trees_small
D:4:      led_sif_book, okawaru_metal_pillars_1_2, serial_shops, shop,
          xom_confusion_cloud
D:5:      minmay_temple_entry_glass, serial_shops, nicolae_shop_behind_doors,
          first_ration, hangedman_glass_teeth, kennysheep_doodads,
          grunt_decor_arrowhead

Skill      XL: |  1  2  3  4  5  6  7 |
---------------+----------------------+-----
Polearms       | 5 6 7 8 |  8.4
Fighting       | 3 4 |  4.3
Dodging        | 5 6 |  6.1
Throwing       | 3 4 |  4.0

Action                   |  1- 3 |  4- 6 |  7- 9 || total
-------------------------+-------+-------+-------++-------
Melee: Trident           |   137 |   241 |    85 ||   463
Throw: Stone             |       |    12 |       ||    12
  Use: Scroll            |     4 |     2 |     1 ||     7
       Potion            |       |     2 |     1 ||     3
 Stab: Sleeping          |     2 |     5 |       ||     7
  Eat: Chunk             |     2 |    19 |     4 ||    25
Armor: Leather armour    |    25 |    28 |    12 ||    65
Dodge: Dodged            |    75 |   144 |    68 ||   287

Table legend:
 A = Non-vault XP
 B = Vault XP
 C = Vault XP percentage of total XP
 D = Non-vault monster count
 E = Vault monster count
 F = Vault count percentage of total count
                 A         B        C        D         E       F
            +---------+---------+-------+---------+---------+-------
      Total |     736 |     189 |  20.4 |      87 |      18 |  17.1
            +---------+---------+-------+---------+---------+-------
        D:1 |      27 |       8 |  22.9 |      11 |       5 |  31.2
        D:2 |      57 |      25 |  30.5 |      25 |       8 |  24.2
        D:3 |     149 |       0 |   0.0 |      28 |       0 |   0.0
        D:4 |     460 |     156 |  25.3 |      22 |       5 |  18.5
        D:5 |      43 |       0 |   0.0 |       1 |       0 |   0.0
            +---------+---------+-------+---------+---------+-------
